 Dungeon Crawl Stone Soup version 0.11.3 (console) character file.

632401 Lightli the Englaciator (level 27, 0/253 HPs)
             Began as a White Draconian Stalker on June 20, 2022.
             Was the Champion of Vehumet.
             Slain by Phousaq the pandemonium lord (26 damage)
             ... on Level 27 of the Dungeon on June 22, 2022.
             The game lasted 06:10:48 (87797 turns).

Lightli the Englaciator (White Draconian Stalker)  Turns: 87797, Time: 06:10:48

HP   0/253       AC 23     Str 20      XL: 27
MP  21/51        EV 24     Int 27      God: Vehumet [******]
Gold 4666        SH 16     Dex 14      Spells: 13 memorised,  3 levels left

Res.Fire  : + . .   See Invis. : +   a - staff of cold
Res.Cold  : + + +   Warding    : .   (armour unavailable)
Life Prot.: . . .   Conserve   : .   m - +5 buckler "Vesiv" {rC+ Acc+3 SInv Curse}
Res.Poison: +       Res.Corr.  : .   G - +2 hat of the Alchemist {rElec rF+ rC+ MR}
Res.Elec. : +       Clarity    : .   k - +1 cloak of Vanity {Str+5 Int+4}
Sust.Abil.: . .     Spirit.Shd : .   S - +2 pair of elf gloves
Res.Mut.  : .       Rnd.Telep. : +   w - +2 pair of boots
Res.Rott. : .       Ctrl.Telep.: x   (no amulet)
Saprovore : . . .   Levitation : .   J - ring of magical power Ctrl.Flight: +
                                     i - ring of protection from magic

@: very slightly contaminated, quick, extraordinarily resistant to hostile
enchantments, very unstealthy
A: breathe frost, unfitting armour, talons 1, berserk 1, breathe flames 1, cold
resistance 1, deterioration 1, herbivore 1, poison resistance, slowness 1,
teleportitis 1, teleport control, wild magic 1, AC +13, Str +2, Dex -1
a: Breathe Frost, Renounce Religion, Breathe Fire
}: 3/15 runes: barnacled, silver, gossamer


You were on level 27 of the Dungeon.
You worshipped Vehumet.
Vehumet was exalted by your worship.
You were not hungry.

You visited 9 branches of the dungeon, and saw 66 of its levels.
You visited the Abyss 1 time.
You also visited: Labyrinth, Bailey, Ice Cave and Volcano.

You collected 7708 gold pieces.
You spent 3062 gold pieces at shops.

Inventory:

Armour
 k - the +1 cloak of Vanity (worn) {Str+5 Int+4}
   (You found it in a labyrinth)

   It affects your strength (+5).
   It affects your intelligence (+4).
 m - the +5 buckler "Vesiv" (worn) {rC+ Acc+3 SInv Curse}
   (You found it on level 7 of the Dungeon)

   It affects your accuracy (+3).
   It protects you from cold.
   It enhances your eyesight.
   It may recurse itself.
 w - a +2 pair of boots (worn)
 G - the +2 hat of the Alchemist (worn) {rElec rF+ rC+ MR}
   (You found it on level 3 of the Elven Halls)

   It protects you from fire.
   It protects you from cold.
   It insulates you from electricity.
   It increases your resistance to enchantments.
 S - a +2 pair of elven gloves (worn)
Magical devices
 l - a wand of disintegration (14)
 n - a wand of draining (9)
 t - a wand of fireball (5)
 D - a wand of paralysis (3)
 F - a wand of digging (6)
 H - a wand of enslavement (12)
 I - a wand of invisibility (2)
 K - a wand of disintegration (9)
 Q - a wand of teleportation (6)
 W - a wand of heal wounds (9)
Comestibles
 f - a bread ration
 v - 3 meat rations
 z - 2 pieces of ambrosia
 P - a royal jelly
Scrolls
 c - 3 scrolls of magic mapping
 d - a scroll of fog
 e - a scroll of vulnerability
 h - 8 scrolls of remove curse
 u - a scroll of blinking
 A - 5 scrolls of identify
 V - 3 scrolls of teleportation
Jewellery
 i - a ring of protection from magic (left hand)
 p - a cursed ring of teleportation
 r - an uncursed ring of life protection
 s - an uncursed ring of regeneration
 y - an uncursed amulet of resist mutation
 E - the ring of Irrepressible Laughter {+Lev rC+}
   (You found it in an ice cave)

   [ring of levitation]

   It protects you from cold.
 J - a ring of magical power (right hand)
 L - an uncursed ring of protection from fire
 M - an uncursed ring of sustain abilities
 O - an uncursed amulet of the gourmand
 R - an uncursed amulet of resist corrosion
 T - the amulet of Cekugob {Ward -Tele Hunger rElec rPois rN+ AC+1 EV+1}
   (You took it off a deep elf death mage on level 3 of the Elven Halls)

   [amulet of warding]

   It affects your AC (+1).
   It affects your evasion (+1).
   It insulates you from electricity.
   It protects you from poison.
   It protects you from negative energy.
   It prevents most forms of teleportation.
   It speeds your metabolism.
Potions
 j - 4 potions of agility
 o - 3 potions of decay
 q - 5 potions of curing
 x - 8 potions of might
 B - a potion of berserk rage
 Y - 3 potions of brilliance
Magical staves
 a - an uncursed staff of cold (weapon)
 b - an uncursed staff of conjuration {!a}
 X - an uncursed staff of wizardry
Orbs of Power
 C - the Orb of Zot
Rods
 Z - a +9 rod of warding (17/17)
   (You found it in a bailey)


   Skills:
 - Level 21.4 Fighting
   Level 1.0 Short Blades
 - Level 12.0 Staves
 + Level 18.4 Dodging
 - Level 1.7 Stealth
 - Level 2.0 Stabbing
 - Level 5.6 Shields
 - Level 11.0 Traps & Doors
 - Level 15.2 Spellcasting
 - Level 20.0 Conjurations
 - Level 13.1 Charms
 - Level 3.1 Transmutations
 - Level 1.9 Fire Magic
 O Level 27 Ice Magic
 - Level 4.2 Air Magic
 - Level 10.0 Evocations


You had 3 spell levels left.
You knew the following spells:

 Your Spells              Type           Power        Failure   Level  Hunger
a - Fulsome Distillation  Trmt/Necr      N/A          4%          1    None
b - Evaporate             Fire/Trmt      #####..      4%          2    None
c - Haste                 Chrm           ########.    5%          6    ####...
d - Throw Frost           Conj/Ice       #######      1%          2    None
e - Bolt of Cold          Conj/Ice       #########.   1%          6    ####...
f - Freezing Cloud        Conj/Ice/Air   #########.   1%          6    ####...
g - Lightning Bolt        Conj/Air       ########..   1%          5    None
h - Animate Skeleton      Necr           N/A          7%          1    None
i - Repel Missiles        Chrm/Air       ########..   1%          2    None
j - Summon Ice Beast      Ice/Summ       #########.   1%          4    None
k - Orb of Destruction    Conj           #########.   1%          7    #####..
l - Swiftness             Chrm/Air       ########..   1%          2    None
m - Ice Storm             Conj/Ice       #########.   10%         9    #######


Dungeon Overview and Level Annotations

Branches:
Dungeon (27/27)            Temple (1/1) D:5             Orc (4/4) D:10
    Elf (3/3) Orc:4          Lair (8/8) D:9          Shoals (5/5) Lair:6
 Spider (5/5) Lair:6        Slime (0/6) Lair:7       Vaults (8/8) D:19
  Blade (0/1) Vaults:4      Crypt (0/5) Vaults:4        Zot (5/5) D:27

Altars:
Ashenzari
Cheibriados
Elyvilon
Fedhas
Kikubaaqudgha
Makhleb
Nemelex Xobeh
Okawaru
Sif Muna
Trog
Vehumet
Xom
Yredelemnul
Zin
the Shining One
Beogh

Shops:
D:8: = D:16: [ D:18: [ D:19: +/*%+ D:21: * D:22: ( Orc:2: * Orc:3: = Orc:4: +(*[ Elf:3: ( Vaults:4: * Vaults:6: ! Vaults:8: (//

Portals:
Hell: D:21 D:22 D:23 D:24 D:25 D:26 D:27
Abyss: D:21 D:22 D:25
Pandemonium: D:23 D:24 D:25

Annotations
D:5 exclusion: ice beast
D:6 Lightli's ghost, experienced CeSt
Lair:7 exclusion: door


Innate Abilities, Weirdness & Mutations

You can breathe waves of freezing cold.
You can buffet flying creatures when you breathe cold.
Your icy white scales are hard (AC +13).
Your body does not fit into most forms of armour.
Your flesh is cold resistant.
You have sharp toenails.
You tend to lose your temper in combat.
You can breathe flames.
Your body is slowly deteriorating.
You digest meat inefficiently.
Your system is resistant to poisons.
You cover ground slowly.
Your muscles are strong (Str +1).
Your muscles are strong, but stiff (Str +1, Dex -1).
Space occasionally distorts in your vicinity.
You can control translocations.
Your spells are a little harder to cast, but a little more powerful.


Message History

Unknown command.
Casting: Summon Ice Beast
Confirm with . or Enter, or press ? or * to list all spells.
You feel a surge of power! A chill wind blows around you. Phousaq hits you!
* * * LOW HITPOINT WARNING * * *
You block Phousaq's attack.
Your ice beast hits Phousaq.
Your ice beast freezes Phousaq.
Your ice beast barely misses Phousaq.
Unknown command.
You swap places.
You start to feel a little slower.
Phousaq sneers, "Disclaim thyself, thou frothy shard-borne frater!"
Phousaq hits your ice beast!
Your ice beast dies!
Your ice beast hits Phousaq but does no damage.
Your ice beast hits the yaktaur.
Your ice beast freezes the yaktaur!
There is a stone staircase leading up here.
Phousaq hits you!
* * * LOW HITPOINT WARNING * * *
Phousaq hits you!
You die...

#.# #..# #.# #..# #.#
#..# #.# #..#
#.########..######
#.##..............
#.##.....#..######
#.##.....#..#
#@##.....#..#
#&####.###..#
####..###.###..######
#.(.(.I.(c...........
#.(..####I###..######
#....# #.# #..#
#....# #.# #..#
###### #.# #..# #.#
#..#


You could see Phousaq and a friendly ice beast.

Vanquished Creatures
  9 orbs of fire (Zot:5)
  3 ancient liches
  Saint Roka (Elf:3)
  Boris (Vaults:5)
  Mara (D:19)
  Margery (D:22)
  A Killer Klown (Zot:5)
  Mennas (D:24)
  2 electric golems (Zot:5)
  2 illusory
  Maras (D:19)
  A golden dragon (Vaults:8)
  Xtahua (D:25)
  Frederick (D:26)
  2 liches
  6 tentacled monstrosities
  Nikola (D:18)
  A quicksilver dragon (Vaults:8)
  17 Orb Guardians (Zot:5)
  11 shadow dragons
  2 deep elf blademasters (Elf:3)
  A sphinx (shapeshifter) (D:27)
  Kirke (D:19)
  13 storm dragons
  5 sphinxes
  Rupert (Vaults:1)
  Agnes (D:22)
  Frances (D:18)
  A Shadow Fiend (D:23)
  2 draconian monks (Zot:5)
  Roxanne (D:18)
  Aizul (Spider:4)
  Ilsuiw (Shoals:5)
  An Executioner (Abyss)
  A draconian knight (Zot:4)
  2 ghost moths (Spider:5)
  4 bone dragons
  Wiglaf (D:19)
  3 iron dragons
  5 frost giants
  Louise (Shoals:2)
  A draconian scorcher (Zot:5)
  2 orc warlords
  A stone giant (shapeshifter) (Vaults:8)
  12 fire giants
  Maud (D:23)
  Gastronok (Lair:2)
  54 stone giants
  2 draconian annihilators
  An apis (Vaults:3)
  A grey draconian (Zot:4)
  3 green deaths
  2 green draconians
  2 mottled draconians
  4 black draconians
  2 emperor scorpions (Spider:5)
  2 pale draconians
  9 deep elf annihilators (Elf:3)
  A spriggan defender (D:26)
  2 purple draconians (D:27)
  Azrael (D:15)
  6 deep elf death magi (Elf:3)
  50 yaktaur captains
  2 white draconians
  8 deep elf sorcerers
  An ettin (shapeshifter) (D:18)
  A reaper (Vaults:5)
  2 deep elf master archers (Elf:3)
  A minotaur (Lab)
  6 dragons
  32 vault guards
  9 ettins
  A dragon (shapeshifter) (D:26)
  3 sirens (Shoals:5)
  3 death cobs
  4 merfolk aquamancers
  9 great orbs of eyes
  Fannar (Orc:1)
  Erica (D:10)
  5 merfolk javelineers (Shoals:5)
  6 ice dragons
  14 hydras
  3 dancing weapons (D:23)
  5 spriggan druids (D:26)
  A spriggan berserker (D:26)
  8 deep elf demonologists (Elf:3)
  4 rakshasas
  A deep troll (shapeshifter) (D:25)
  14 ogre magi
  4 stone giant zombies
  2 frost giant zombies
  A shadow dragon skeleton (Vaults:8)
  5 death yaks (Lair:5)
  A fire giant zombie (Vaults:6)
  6 merfolk impalers (Shoals:5)
  25 centaur warriors
  2 deep elf high priests (Elf:3)
  3 sun demons
  A sphinx skeleton (Vaults:8)
  5 orc high priests
  Nergalle (Orc:4)
  7 very ugly things
  An iron golem (Vaults:3)
  19 deep trolls
  2 vapours
  14 stone giant skeletons
  10 iron trolls
  2 fire giant skeletons
  A frost giant skeleton (Vaults:3)
  The ghost of Lightli the Agnostic, an experienced DDSt (D:9)
  3 soul eaters
  A catoblepas (D:16)
  20 deep elf knights
  10 skeletal warriors
  2 shadow wraiths
  An emperor scorpion zombie (Abyss)
  3 large abominations
  2 giant orange brains (shapeshifter)
  6 sea snakes
  A death drake (shapeshifter) (Vaults:8)
  5 unseen horrors
  A naga warrior (Vaults:3)
  2 death drakes (D:23)
  2 shadow demons (Elf:3)
  4 hell knights (D:22)
  Erolcha (Orc:4)
  5 flayed ghosts
  2 iron troll zombies
  2 ice statues (IceCv)
  3 wizards
  A giant amoeba (shapeshifter) (Vaults:8)
  16 hill giants
  9 orc sorcerers
  A crystal golem (Vaults:8)
  5 giant amoebae
  A guardian serpent (Vaults:2)
  Joseph (Orc:4)
  5 iron troll skeletons
  7 griffons
  23 orc knights
  2 guardian serpents (shapeshifter)
  2 necromancers (D:22)
  8 harpies
  7 red wasps
  6 spiny worms
  A moth of wrath (shapeshifter) (Vaults:8)
  27 wolf spiders
  2 draconians (shapeshifter)
  2 phantasmal warriors
  10 moths of wrath
  2 catoblepas zombies
  An ice dragon zombie (Vaults:1)
  3 griffon zombies
  A stone golem (Vaults:3)
  A harpy skeleton (Vaults:2)
  A spiny worm (shapeshifter) (Vaults:8)
  2 orange demons
  4 sixfirhies
  2 shining eyes (shapeshifter) (Vaults:8)
  4 fire crabs
  101 slime creatures
  A dragon zombie (D:19)
  13 cyclopes
  An ice dragon skeleton (D:23)
  An elephant slug (shapeshifter) (Vaults:8)
  10 elephants
  A tormentor (D:27)
  A spiny worm zombie (Vaults:3)
  2 ettin skeletons
  5 black mambas
  A slime creature (shapeshifter) (Vaults:8)
  7 spiny frogs
  15 rock trolls
  7 small abominations
  An eye of devastation (Vaults:2)
  A rock troll (shapeshifter) (Vaults:2)
  A feature mimic (D:13)
  5 hellwings
  2 hill giant zombies
  A griffon skeleton (D:13)
  59 yaktaurs
  4 spriggans (shapeshifter)
  5 demonic crawlers
  4 mermaids (Shoals:5)
  A spiny frog (shapeshifter) (D:15)
  89 ugly things
  A hill giant skeleton (Vaults:8)
  20 spriggans
  2 rock troll zombies
  Sonja (Orc:4)
  7 komodo dragons
  15 trolls
  29 two-headed ogres
  A deep dwarf artificer (D:13)
  4 smoke demons
  3 polar bears (Lair:8)
  25 blink frogs
  2 iron devils
  A two-headed ogre (shapeshifter) (D:27)
  3 elves (shapeshifter)
  2 baby alligators (shapeshifter)
  6 rock troll skeletons
  5 basilisks
  A brown ooze (shapeshifter) (D:27)
  A deep troll skeleton (Vaults:5)
  7 grizzly bears (Lair:8)
  4 giant fireflies
  An air elemental (Vaults:3)
  4 snapping turtles
  An elephant zombie (Abyss)
  A rotting hulk (Vaults:3)
  A grizzly bear (shapeshifter) (Vaults:3)
  A spiny worm simulacrum (D:20)
  11 orb spiders
  13 jumping spiders
  A golden eye (shapeshifter) (D:18)
  5 wraiths
  93 yaks
  16 tarantellas
  2 tarantellas (shapeshifter) (Vaults:8)
  9 bumblebees
  A hippogriff (shapeshifter) (D:15)
  3 hogs (D:19)
  2 sharks
  9 deep elf conjurers
  3 vampires
  27 redbacks
  An elephant skeleton (Lair:6)
  Grum (D:8)
  A clay golem (Vaults:1)
  2 ynoxinuls
  6 wyverns
  12 hippogriffs
  22 trapdoor spiders
  17 vampire mosquitoes
  14 deep elf summoners
  4 fire elementals (D:15)
  2 giant slug zombies
  2 chaos spawn
  5 soldier ants
  5 hungry ghosts
  A redback (shapeshifter) (Vaults:5)
  34 deep elf fighters
  3 yaktaur zombies
  5 neqoxecs
  3 yaktaur skeletons
  7 boulder beetles
  5 mottled dragons
  25 merfolk
  9 manticores
  10 freezing wraiths
  6 fire drakes
  5 rock worms
  3 orange crystal statues
  A necrophage (D:22)
  21 war dogs
  15 deep elf priests
  2 kobold demonologists (Elf:3)
  3 red devils
  2 bumblebee zombies (D:22)
  78 orc warriors
  A rock worm zombie (Vaults:1)
  12 hell hounds
  2 boulder beetle zombies
  3 sky beasts
  51 centaurs
  4 black bears (Lair:8)
  17 ice beasts
  5 tengu (Shoals:2)
  4 boring beetles
  64 ogres
  7 giant goldfish
  4 yellow wasps
  A grizzly bear skeleton (Lair:8)
  21 deep elf magi
  A deep dwarf (shapeshifter) (Vaults:7)
  3 phantoms
  2 rotting devils (Elf:3)
  A centaur (shapeshifter) (Vaults:8)
  13 wargs
  Sigmund (D:2)
  6 wolves
  9 crocodiles
  A boring beetle zombie (D:21)
  4 big kobolds
  9 giant slugs
  A giant frog zombie (D:16)
  A giant slug (shapeshifter) (Vaults:8)
  A water moccasin zombie (D:9)
  3 brain worms (D:23)
  An earth elemental (Vaults:3)
  2 elf simulacra (D:23)
  A yellow wasp zombie (D:8)
  17 giant frogs
  7 agate snails
  A basilisk zombie (D:12)
  10 insubstantial wisps
  6 water moccasins
  7 jellyfish
  A giant slug simulacrum (Vaults:1)
  A water moccasin skeleton (D:7)
  18 killer bees
  6 lava fish
  A killer bee zombie (D:15)
  6 wights
  3 troll simulacra (D:23)
  9 eyes of draining
  A pulsating lump (shapeshifter) (D:20)
  2 big kobold zombies (D:13)
  17 crimson imps
  4 goliath beetles
  A centaur simulacrum (D:23)
  8 electric eels
  3 spiders (Spider:1)
  3 brain worm zombies
  A lava snake (Volcano)
  5 big kobold skeletons
  14 hounds
  A mottled dragon skeleton (D:17)
  9 big fish
  2 scorpions
  7 shadows
  A basilisk simulacrum (D:12)
  14 worker ants
  An octopode simulacrum (Abyss)
  Crazy Yiuf (D:2)
  38 orc priests
  8 iguanas
  An iron imp (Abyss)
  2 hound skeletons
  A gnoll shaman (D:8)
  39 deep elf soldiers
  39 orc wizards
  A worker ant zombie (D:9)
  3 orange rats
  12 porcupines
  A brain worm simulacrum (D:20)
  2 ogre simulacra (D:23)
  14 orc zombies
  45 sheep
  13 boggarts
  A goliath beetle zombie (D:9)
  2 jellies
  5 flying skulls (Abyss)
  A mummy (D:12)
  9 human simulacra (D:23)
  2 lemures
  18 gnolls
  A gnoll (shapeshifter) (Vaults:8)
  51 green rats
  18 adders
  9 giant centipedes
  An iguana skeleton (D:22)
  2 giant mites
  A shadow imp (Elf:3)
  5 white imps
  An inept feature mimic (D:2)
  3 worms
  8 ufetubi
  A grey rat (Lair:2)
  A bat skeleton (D:13)
  6 giant eyeballs
  An ooze (D:3)
  231 orcs
  10 giant cockroaches
  A gnoll simulacrum (Vaults:4)
  22 goblins
  17 hobgoblins
  13 jackals
  16 quokkas
  4 ball pythons
  28 bats
  5 giant geckos
  4 giant newts
  2 giant spores
  A goblin zombie (Orc:2)
  3 illusory rakshasas (Vaults:3)
  18 kobolds
  8 orc skeletons
  A quokka skeleton (D:9)
  21 rats
  6 ballistomycetes
  6 crawling corpses
  A fungus (Elf:1)
  27 plants
  73 toadstools
3106 creatures vanquished.

Vanquished Creatures (collateral kills)
  4 slime creatures
  A griffon skeleton (D:17)
  An elephant (Lair:6)
  An ugly thing (D:14)
  3 polar bears (Lair:8)
  A blink frog (Lair:5)
  4 grizzly bears (Lair:8)
  A war dog (Lair:7)
  An orc warrior (Orc:4)
  A yak (Lair:8)
  2 hippogriffs
  A wood golem (D:17)
  A trapdoor spider (Lair:6)
  2 merfolk (Shoals:5)
  2 ice beasts (IceCv)
  An ogre (D:14)
  A black bear (Lair:8)
  A troll zombie (D:14)
  3 centaurs (Lair:6)
  3 giant frogs
  3 water moccasins
  2 killer bees (D:15)
  A big kobold zombie (D:14)
  An orc priest (D:10)
  An iguana (Lair:5)
  2 sheep (Lair:7)
  2 green rats (Lair:5)
  19 orcs
  A bat (Shoals:5)
  A goblin (Orc:4)
  A rat (D:10)
  A ballistomycete (D:10)
  A fungus (Lair:8)
  4 plants
  A toadstool (Lair:8)
76 creatures vanquished.

Vanquished Creatures (others)
  A hill giant (D:18)
  A spiny worm (D:25)
  A hydra skeleton (D:17)
  2 yaktaurs (Vaults:8)
  2 blink frogs (D:19)
  5 blink frog skeletons
  A human skeleton (D:10)
  A war dog (Lair:4)
  A hell hound skeleton (D:15)
  3 orc warriors
  24 ice beasts
  A wyvern skeleton (D:14)
  2 ogres (D:20)
  A grizzly bear skeleton (Lair:8)
  7 yak skeletons
  2 troll skeletons
  A wolf (D:23)
  A war dog skeleton (Lair:7)
  A giant frog skeleton (D:15)
  3 humans (D:19)
  5 centaur skeletons
  A black bear skeleton (Lair:8)
  2 ogre skeletons
  A centaur simulacrum (D:23)
  An orc priest (D:26)
  An iron imp (Abyss)
  2 iguanas (Lair:4)
  3 deep elf soldiers
  A gnoll (D:8)
  A green rat (Lair:4)
  An iguana skeleton (Lair:5)
  3 sheep skeletons (Lair:8)
  2 porcupine skeletons
  7 orcs
  2 hobgoblins
  A kobold (D:17)
  3 giant spores
  A goblin skeleton (Orc:4)
  A hobgoblin skeleton (D:10)
  A jackal skeleton (Lair:6)
  3 orc skeletons
  An orc zombie (Orc:2)
  A quokka (D:9)
  2 quokka skeletons (Lair:5)
  3 rats
  A rat skeleton (D:10)
  A bush (D:9)
  5 fungi
  21 plants
  416 toadstools
555 creatures vanquished.

Grand Total: 3737 creatures vanquished

Notes
Turn   | Place    | Note
--------------------------------------------------------------
     0 | D:1      | Lightli, the Draconian Stalker, began the quest for the Orb.
     0 | D:1      | Reached XP level 1. HP: 16/16 MP: 1/1
   379 | D:1      | Reached XP level 2. HP: 14/23 MP: 2/2
   641 | D:1      | Reached skill level 3 in Transmutations
   842 | D:1      | Learned a level 2 spell: Evaporate
  1037 | D:2      | Reached skill level 1 in Fire Magic
  1094 | D:2      | Reached XP level 3. HP: 26/28 MP: 0/3
  1857 | D:2      | Noticed Crazy Yiuf
  1881 | D:2      | Killed Crazy Yiuf
  1881 | D:2      | Reached XP level 4. HP: 26/35 MP: 3/6
  1937 | D:2      | Found an iron altar of Okawaru.
  2035 | D:2      | Found a basalt altar of Yredelemnul.
  2204 | D:3      | Found a snail-covered altar of Cheibriados.
  2246 | D:2      | Noticed Sigmund
  2276 | D:2      | Killed Sigmund
  2276 | D:2      | Reached XP level 5. HP: 25/40 MP: 5/9
  2323 | D:2      | Found a bloodstained altar of Trog.
  3681 | D:5      | Entered Level 5 of the Dungeon
  3720 | D:5      | Found a staircase to the Ecumenical Temple.
  3746 | D:5      | Noticed an ice beast
  3752 | Temple   | Entered the Ecumenical Temple
  3814 | Temple   | Became a worshipper of Vehumet
  3919 | D:5      | Found a glowing silver altar of Zin.
  3928 | D:5      | Reached skill level 4 in Spellcasting
  4155 | D:5      | Reached XP level 6. HP: 22/47 MP: 4/12
  4218 | D:5      | Noticed an ogre
  4233 | D:5      | Killed an ogre
  4233 | D:5      | Reached skill level 5 in Spellcasting
  4259 | D:5      | Noticed a centaur
  4405 | D:5      | Killed a centaur
  4458 | D:5      | Your scales start taking on an icy white colour.
  4458 | D:5      | Gained mutation: Your flesh is cold resistant. [draconian maturity]
  4458 | D:5      | Reduced skill Fire Magic to level 1
  4458 | D:5      | Reached XP level 7. HP: 34/52 MP: 16/16
  4689 | D:5      | Killed an ice beast
  4689 | D:5      | Reached skill level 6 in Spellcasting
  4874 | D:6      | Found a glowing silver altar of Zin.
  5248 | D:6      | Reached skill level 7 in Spellcasting
  5256 | D:6      | Reached XP level 8. HP: 26/60 MP: 20/20
  5336 | D:6      | Noticed Lightli's ghost (experienced CeSt)
  5611 | D:7      | Found a sparkling altar of Nemelex Xobeh.
  5645 | D:7      | Acquired Vehumet's first power
  5916 | D:7      | Found an iron altar of Okawaru.
  6340 | D:7      | Got an ichor-stained buckler
  6344 | D:7      | Identified the +5 buckler "Vesiv" (You found it on level 7 of the Dungeon)
  6370 | D:7      | Learned a level 1 spell: Magic Dart
  6373 | D:7      | Learned a level 2 spell: Throw Frost
  6444 | D:7      | Reached skill level 1 in Ice Magic
  6498 | D:8      | Noticed Grum
  6541 | D:8      | Killed Grum
  6592 | D:8      | Reached skill level 5 in Ice Magic
  6736 | D:8      | Found an ancient bone altar of Kikubaaqudgha.
  6769 | D:8      | Reached XP level 9. HP: 37/66 MP: 22/22
  6877 | D:8      | Found an ancient bone altar of Kikubaaqudgha.
  7168 | D:8      | Found Amuohuzi's Jewellery Boutique.
  7169 | D:8      | Paralysed by a giant eyeball for 4 turns
  7176 | D:8      | Paralysed by a giant eyeball for 4 turns
  7183 | D:8      | Paralysed by a giant eyeball for 4 turns
  7190 | D:8      | Acquired Vehumet's second power
  7571 | D:9      | Found a blossoming altar of Fedhas.
  7681 | D:9      | Reached skill level 8 in Ice Magic
  7767 | D:9      | Reached skill level 9 in Ice Magic
  7771 | D:9      | Reached skill level 10 in Ice Magic
  7859 | D:9      | Reached skill level 11 in Ice Magic
  7859 | D:9      | Reached XP level 10. HP: 30/72 MP: 16/24
  7959 | D:9      | Found a staircase to the Lair.
  8185 | D:9      | Reached skill level 1 in Conjurations
  8583 | D:9      | Acquired Vehumet's third power
  8618 | D:9      | Noticed Lightli's ghost (experienced DDSt)
  9601 | D:8      | Learned a level 6 spell: Bolt of Cold
  9629 | D:8      | Reached skill level 5 in Conjurations
  9904 | D:9      | Noticed a black mamba
  9984 | Lair:1   | Entered Level 1 of the Lair of Beasts
 10560 | Lair:1   | Noticed a seven-headed hydra
 10567 | Lair:1   | Killed a seven-headed hydra
 10700 | Lair:1   | Noticed a black mamba
 10702 | Lair:1   | Killed a black mamba
 11095 | Lair:2   | Noticed a seven-headed hydra
 11102 | Lair:2   | Killed a seven-headed hydra
 11102 | Lair:2   | Reached skill level 10 in Conjurations
 11102 | Lair:2   | Reached XP level 11. HP: 24/78 MP: 7/25
 11273 | Lair:2   | Acquired Vehumet's fourth power
 11470 | Lair:2   | Noticed a black mamba
 11477 | Lair:2   | Killed a black mamba
 11500 | Lair:2   | Noticed Gastronok
 11703 | Lair:2   | Killed Gastronok
 11703 | Lair:2   | Reached skill level 5 in Shields
 11811 | Lair:2   | Noticed a black mamba
 11820 | Lair:2   | Killed a black mamba
 12954 | Lair:3   | Found a labyrinth entrance.
 12963 | Lab      | Entered a labyrinth
 13245 | Lab      | Got a distressingly furry cloak
 13249 | Lab      | Identified the +1 cloak of Vanity (You found it in a labyrinth)
 13344 | Lab      | Learned a level 6 spell: Freezing Cloud
 13790 | Lab      | Noticed a minotaur
 13803 | Lab      | Killed a minotaur
 13835 | Lab      | Got a faintly humming ice dragon armour
 14319 | Lair:3   | Found a dark tunnel.
 14334 | Volcano  | Entered a volcano
 14610 | Volcano  | Learned a level 5 spell: Lightning Bolt
 14834 | Volcano  | Found an iron altar of Okawaru.
 15695 | Lair:4   | Reached XP level 12. HP: 93/93 MP: 19/28
 16037 | Lair:4   | Reached skill level 10 in Spellcasting
 16422 | Lair:4   | Gained mutation: You are agile (Dex +1). [potion of gain dexterity]
 16522 | Lair:4   | Reached skill level 12 in Ice Magic
 17037 | Lair:4   | Learned a level 1 spell: Animate Skeleton
 17218 | Lair:5   | Reached skill level 5 in Dodging
 18083 | Lair:5   | Noticed a death yak
 18092 | Lair:5   | Noticed a death yak
 18094 | Lair:5   | Noticed a death yak
 18102 | Lair:5   | Noticed a death yak
 18105 | Lair:5   | Noticed a death yak
 18116 | Lair:5   | Killed a death yak
 18118 | Lair:5   | Killed a death yak
 18119 | Lair:5   | Killed a death yak
 18124 | Lair:5   | Killed a death yak
 18127 | Lair:5   | Killed a death yak
 18245 | Lair:6   | Noticed a four-headed hydra
 18252 | Lair:6   | Killed a four-headed hydra
 18457 | Lair:6   | Reached skill level 10 in Dodging
 18596 | Lair:6   | Found a hole to the Spider Nest.
 18617 | Lair:6   | Found a staircase to the Shoals.
 18726 | Lair:6   | Reached skill level 1 in Air Magic
 19178 | Lair:6   | Reached XP level 13. HP: 100/100 MP: 27/29
 19332 | Lair:7   | Noticed a seven-headed hydra
 19351 | Lair:7   | Killed a seven-headed hydra
 19530 | Lair:7   | Received a gift from Vehumet
 19555 | Lair:7   | Learned a level 2 spell: Repel Missiles
 19713 | Lair:7   | Reached skill level 13 in Ice Magic
 19977 | Lair:7   | Noticed an acid blob
 20047 | Lair:7   | Reached skill level 14 in Ice Magic
 20250 | Lair:7   | Reached skill level 1 in Evocations
 20449 | Lair:7   | Found a staircase to the Slime Pits.
 20449 | Lair:7   | Noticed an acid blob
 20510 | Lair:8   | Entered Level 8 of the Lair of Beasts
 20563 | Lair:8   | Noticed a seven-headed hydra
 20569 | Lair:8   | Killed a seven-headed hydra
 20681 | Lair:8   | Reached skill level 5 in Evocations
 21089 | Lair:8   | Noticed a five-headed hydra
 21093 | Lair:8   | Killed a five-headed hydra
 21388 | Lair:8   | Received a gift from Vehumet
 21760 | Lair:8   | Reached skill level 10 in Evocations
 22433 | D:9      | Killed a black mamba
 22500 | D:9      | Paralysed by a giant eyeball for 4 turns
 22564 | D:9      | Killed Lightli's ghost
 22707 | D:10     | Entered Level 10 of the Dungeon
 22854 | D:10     | Noticed Erica
 22856 | D:10     | Killed Erica
 23019 | D:10     | Paralysed by you for 3 turns
 23073 | D:10     | Found an iron altar of Okawaru.
 23169 | D:10     | Reached XP level 14. HP: 113/113 MP: 26/31
 23242 | D:10     | You fall through a shaft!
 23308 | D:10     | Found a staircase to the Orcish Mines.
 23317 | Orc:1    | Entered Level 1 of the Orcish Mines
 23546 | Orc:1    | Reached skill level 1 in Traps & Doors
 23669 | Orc:2    | Noticed Fannar
 23755 | Orc:1    | Killed Fannar
 24014 | Orc:2    | Paralysed by an orc sorcerer for 5 turns
 24294 | Orc:2    | Found Schuinoc's General Store.
 24606 | Orc:3    | Found Khackouh's Jewellery Emporium.
 24709 | Orc:3    | Found a flagged portal.
 24712 | Orc:3    | Bought an uncursed ring of levitation for 210 gold pieces
 24735 | Bailey   | Entered a bailey
 24740 | Bailey   | Received a gift from Vehumet
 24750 | Bailey   | Learned a level 4 spell: Summon Ice Beast
 24777 | Bailey   | Identified a +6 rod of warding (14/14) (You found it in a bailey)
 24802 | Bailey   | Got a transparent hammer
 24814 | Bailey   | Identified the hammer of Eternal War {pain, rN+} (You found it in a bailey)
 24845 | Bailey   | Reached skill level 5 in Traps & Doors
 24917 | Orc:3    | Bought an uncursed ring of magical power for 240 gold pieces
 24959 | Orc:4    | Entered Level 4 of the Orcish Mines
 25080 | Orc:4    | Noticed Erolcha
 25086 | Orc:4    | Killed Erolcha
 25310 | Orc:4    | Found a roughly hewn altar of Beogh.
 25328 | Orc:4    | Noticed Joseph
 25335 | Orc:4    | Killed Joseph
 25366 | Orc:4    | Noticed Nergalle
 25378 | Orc:4    | Your ally Erolcha died
 26477 | Orc:4    | Killed Nergalle
 26905 | Orc:4    | Noticed Sonja
 26911 | Orc:4    | Killed Sonja
 27115 | Orc:4    | Found a staircase to the Elven Halls.
 27160 | Orc:4    | Received a gift from Vehumet
 27168 | Orc:4    | Reached skill level 15 in Ice Magic
 27227 | Orc:4    | Noticed an orc warlord
 27395 | Orc:3    | Killed an orc warlord
 28373 | D:8      | Bought an uncursed amulet of the gourmand for 420 gold pieces
 29753 | Orc:4    | Found Ukam's General Store.
 29754 | Orc:4    | Found Emeacwan's Book Boutique.
 29755 | Orc:4    | Found Safeoxuq's Antique Armour Shop.
 29755 | Orc:4    | Found Osotohao's Antique Weapon Shop.
 29769 | Orc:4    | Bought a potion of heal wounds for 45 gold pieces
 29998 | Orc:3    | Found a shimmering altar of Xom.
 30440 | D:11     | Received a gift from Vehumet
 33133 | D:12     | Gained mutation: You have a pair of small horns on your head. [mutagenic meat]
 33134 | D:12     | Lost mutation: You are agile (Dex +1). [mutagenic meat]
 33682 | D:12     | Reached XP level 15. HP: 119/119 MP: 33/33
 33835 | D:13     | Learned a level 7 spell: Orb of Destruction
 33972 | D:13     | Noticed a stone giant
 33972 | D:13     | Noticed a fire giant
 33977 | D:13     | Killed a stone giant
 33981 | D:13     | Killed a fire giant
 34232 | D:13     | Noticed a stone giant
 34233 | D:13     | Noticed a stone giant
 34233 | D:13     | Noticed a fire giant
 34237 | D:13     | Killed a fire giant
 34240 | D:13     | Killed a stone giant
 34241 | D:13     | Killed a stone giant
 34297 | D:13     | Got a slimy granite ring
 34330 | D:13     | Identified the ring of Yreboos (You took it off a fire giant on level 13 of the Dungeon)
 34847 | D:13     | Reached skill level 15 in Conjurations
 34933 | D:13     | Reached skill level 10 in Fighting
 34943 | D:13     | Gained mutation: You tend to lose your temper in combat. [mutagenic meat]
 34944 | D:13     | Gained mutation: You have sharp toenails. [mutagenic meat]
 35018 | D:13     | Gained mutation: You can breathe flames. [potion of mutation]
 35018 | D:13     | Gained mutation: Your magical capacity is low (-10% MP). [potion of mutation]
 35018 | D:13     | Gained mutation: Your system is resistant to poisons. [potion of mutation]
 35020 | D:13     | Gained mutation: You often lose your temper in combat. [potion of mutation]
 35430 | D:2      | Lost mutation: You have a pair of small horns on your head. [potion of cure mutation]
 35430 | D:2      | Lost mutation: Your magical capacity is low (-10% MP). [potion of cure mutation]
 35430 | D:2      | Lost mutation: You often lose your temper in combat. [potion of cure mutation]
 36293 | D:14     | Entered Level 14 of the Dungeon
 36939 | D:15     | Entered Level 15 of the Dungeon
 36962 | D:15     | Gained mutation: You can control translocations. [mutagenic meat]
 37169 | D:15     | Reached XP level 16. HP: 96/134 MP: 34/34
 37282 | D:15     | Noticed Azrael
 37284 | D:15     | Killed Azrael
 39499 | D:16     | Found Coar Luo's Antique Armour Emporium.
 40020 | D:17     | Reached skill level 15 in Fighting
 40855 | D:18     | Noticed Roxanne
 40946 | D:18     | Noticed Frances
 40956 | D:18     | Killed Frances
 41492 | D:18     | Killed Roxanne
 41514 | D:18     | Reached XP level 17. HP: 99/148 MP: 34/34
 41572 | D:18     | Got a levitating book
 41573 | D:18     | Identified Roxanne's Grimoire of Clay and Moulding (You took it off Roxanne on level 18 of the Dungeon)
 41984 | D:18     | Found Dicag's Armour Shoppe.
 41987 | D:18     | Noticed Nikola
 41999 | D:18     | Killed Nikola
 42014 | D:18     | Bought a +2 pair of elven gloves for 184 gold pieces
 42023 | D:18     | Bought a +2 cloak of magic resistance for 271 gold pieces
 42690 | D:19     | Found Gristrau's Assorted Antiques.
 42709 | D:19     | Noticed Kirke
 42713 | D:19     | Killed Kirke
 42812 | D:19     | Noticed Wiglaf
 42817 | D:19     | Killed Wiglaf
 42840 | D:19     | Noticed Mara
 42881 | D:19     | Noticed Lightli's illusion
 42884 | D:19     | Noticed Mara
 42884 | D:19     | Noticed Mara
 42884 | D:19     | Killed Mara
 42885 | D:19     | Noticed Mara
 42885 | D:19     | Killed Mara
 42888 | D:19     | Killed Mara
 43406 | D:19     | Found Fren's Book Shop.
 43778 | D:19     | Found a staircase to the Vaults.
 43819 | D:19     | Found Asuafin's Magical Wand Shop.
 43820 | D:19     | Found Fezastroe's Book Boutique.
 43849 | D:19     | Bought a wand of heal wounds (4) for 912 gold pieces
 43949 | D:19     | Found Mnixu's Food Shoppe.
 44670 | Elf:1    | Entered Level 1 of the Elven Halls
 46085 | Elf:2    | Reached XP level 18. HP: 157/157 MP: 36/36
 46672 | Elf:3    | Entered Level 3 of the Elven Halls
 46674 | Elf:3    | Found a frozen archway.
 46681 | IceCv    | Entered an ice cave
 46828 | IceCv    | Got a brightly glowing brass ring
 46829 | IceCv    | Identified the ring of Irrepressible Laughter (You found it in an ice cave)
 46853 | Elf:3    | Reached skill level 16 in Ice Magic
 47198 | Elf:3    | Noticed Saint Roka
 47209 | Elf:3    | Killed Saint Roka
 47209 | Elf:3    | Reached skill level 17 in Ice Magic
 47793 | Elf:3    | Reached skill level 18 in Ice Magic
 47819 | Elf:3    | Noticed a deep elf blademaster
 47827 | Elf:3    | Killed a deep elf blademaster
 47985 | Elf:3    | Noticed a deep elf blademaster
 47991 | Elf:3    | Killed a deep elf blademaster
 48019 | Elf:3    | Reached skill level 19 in Ice Magic
 48659 | Elf:3    | Reached XP level 19. HP: 165/165 MP: 36/36
 48871 | Elf:3    | Got a dazzling shield
 48872 | Elf:3    | Identified the +0 shield "Jedwep" (You found it on level 3 of the Elven Halls)
 48888 | Elf:3    | gg hi alchemist
 49091 | Elf:3    | Found a deep blue altar of Sif Muna.
 49256 | Elf:3    | Reached XP level 18. HP: 151/157 MP: 1/45
 49565 | Elf:3    | Got a sparkling book
 49566 | Elf:3    | Identified the Disquisition on the Escort (You found it on level 3 of the Elven Halls)
 49571 | Elf:3    | Identified a +0 rod of summoning (9/9) (You found it on level 3 of the Elven Halls)
 49832 | Elf:3    | Found Cliablim's Weapon Boutique.
 50431 | Elf:3    | Reached XP level 19. HP: 165/165 MP: 36/36
 50431 | Elf:3    | Gained mutation: You cover ground slowly. [a neqoxec]
 50951 | D:16     | Learned a level 2 spell: Swiftness
 51049 | D:20     | Entered Level 20 of the Dungeon
 52819 | D:21     | Found a gateway to Hell.
 52853 | D:21     | Found a one-way gate to the infinite horrors of the Abyss.
 53305 | D:21     | Found Chooma Rucs' Serpentskin Sales.
 53584 | D:22     | Found an ancient bone altar of Kikubaaqudgha.
 53598 | D:22     | Found Mithiuli's Weapon Emporium.
 53750 | D:22     | Noticed Agnes
 53760 | D:22     | Killed Agnes
 54713 | D:22     | Noticed Margery
 54726 | D:22     | Killed Margery
 55800 | D:23     | Reached XP level 20. HP: 142/171 MP: 10/39
 56313 | D:23     | Reached skill level 15 in Spellcasting
 56420 | D:23     | Found a one-way gate leading to the halls of Pandemonium.
 56818 | D:23     | Paralysed by a giant eyeball for 3 turns
 56835 | D:23     | Reached XP level 21. HP: 176/176 MP: 40/40
 57421 | D:23     | Noticed Maud
 57625 | D:23     | Gained mutation: Space occasionally distorts in your vicinity. [a neqoxec]
 57630 | D:23     | Killed Maud
 57677 | D:23     | Got a blackened cloak
 57678 | D:23     | Identified the cursed +0 cloak "Ghumoecs" (You found it on level 23 of the Dungeon)
 57851 | D:23     | Reached skill level 20 in Ice Magic
 58011 | D:24     | Noticed Mennas
 58305 | Vaults:1 | Entered Level 1 of the Vaults
 58834 | Vaults:1 | Noticed Rupert
 58840 | Vaults:1 | Killed Rupert
 59494 | Vaults:2 | Identified a scroll of acquirement
 59495 | Vaults:2 | Got an antique book
 59496 | Vaults:2 | Identified the Catalogue of the Eight Lives (You acquired it on level 2 of the Vaults)
 59838 | Vaults:2 | Got an ichor-stained great sword
 60153 | Vaults:2 | Gained mutation: Your vision is a little blurry. [potion of mutation]
 60154 | Vaults:2 | Gained mutation: Your spells are a little harder to cast, but a little more powerful. [potion of mutation]
 60154 | Vaults:2 | Gained mutation: Your muscles are strong, but stiff (Str +1, Dex -1). [potion of mutation]
 60155 | Vaults:2 | Lost mutation: Your vision is a little blurry. [potion of mutation]
 60155 | Vaults:2 | Gained mutation: Your mind is acute (Int +1). [potion of mutation]
 60155 | Vaults:2 | Lost mutation: Your mind is acute (Int +1). [potion of mutation]
 60215 | Vaults:2 | Learned a level 9 spell: Ice Storm
 61498 | Vaults:2 | Reached XP level 22. HP: 189/189 MP: 40/40
 63782 | Vaults:4 | Found a staircase to the Hall of Blades.
 63961 | Vaults:4 | Found Abuv's General Store.
 63971 | Vaults:4 | Bought a scroll of acquirement for 780 gold pieces
 64121 | Vaults:4 | Found a staircase to the Crypt.
 64603 | Vaults:5 | Noticed Boris
 65454 | Vaults:5 | Killed Boris
 66182 | Vaults:6 | Found Plafeul's Distillery.
 66688 | Vaults:6 | Reached XP level 23. HP: 196/196 MP: 28/41
 66699 | Vaults:6 | Reached skill level 21 in Ice Magic
 67203 | Vaults:6 | Found a white marble altar of Elyvilon.
 67276 | Vaults:6 | Found a white marble altar of Elyvilon.
 67763 | Vaults:7 | Reached skill level 22 in Ice Magic
 68215 | Vaults:8 | Entered Level 8 of the Vaults
 68436 | Vaults:8 | Noticed an ancient lich
 68442 | Vaults:8 | Killed an ancient lich
 68521 | Vaults:8 | Reached skill level 23 in Ice Magic
 69060 | Vaults:8 | Reached skill level 24 in Ice Magic
 70140 | Vaults:8 | Noticed a golden dragon
 70144 | Vaults:8 | Killed a golden dragon
 70152 | Vaults:8 | Reached skill level 25 in Ice Magic
 70381 | Vaults:8 | Got a wavering sapphire amulet
 70382 | Vaults:8 | Identified the amulet "Lel Ruol" (You took it off a yaktaur captain on level 8 of the Vaults)
 70395 | Vaults:8 | Got a wavering silver ring
 70403 | Vaults:8 | Reached XP level 24. HP: 205/205 MP: 18/41
 70427 | Vaults:8 | Identified the ring of Xom's Bemusement (You took it off a fire giant on level 8 of the Vaults)
 71108 | Vaults:8 | Reached skill level 26 in Ice Magic
 71514 | Vaults:8 | Found Qioli's Magical Wand Shop.
 71522 | Vaults:8 | Found Bohaumou's Magical Wand Shoppe.
 71931 | Vaults:8 | Got a silver rune of Zot
 72111 | Vaults:8 | Reached skill level 27 in Ice Magic
 72158 | Vaults:8 | Reached skill level 1 in Charms
 72499 | Vaults:8 | Found Frohem's Antique Weapon Shop.
 72511 | Vaults:8 | Got a torn book
 72512 | Vaults:8 | Identified Ageladoa's Disquisition on Earth (You found it on level 8 of the Vaults)
 72948 | Vaults:3 | Reached skill level 5 in Charms
 73148 | D:16     | Learned a level 6 spell: Haste
 73514 | Shoals:1 | Entered Level 1 of the Shoals
 73599 | Shoals:2 | Noticed Louise
 73608 | Shoals:2 | Killed Louise
 73777 | Shoals:5 | Entered Level 5 of the Shoals
 73872 | Shoals:5 | Identified a +2 rod of destruction [lightning,fireball,iron] (14/14) (You found it on level 5 of the Shoals)
 74165 | Shoals:5 | Reached XP level 25. HP: 213/213 MP: 42/42
 74405 | Shoals:5 | Noticed Ilsuiw
 74406 | Shoals:5 | Killed Ilsuiw
 74577 | Shoals:5 | Gained mutation: Your muscles are strong (Str +1). [potion of gain strength]
 74679 | Shoals:5 | Got a barnacled rune of Zot
 74937 | Spider:1 | Entered Level 1 of the Spider Nest
 75558 | Spider:4 | Noticed Aizul
 75563 | Spider:4 | Killed Aizul
 75678 | Spider:5 | Entered Level 5 of the Spider Nest
 75822 | Spider:5 | Reached skill level 10 in Charms
 76873 | Spider:5 | Got a gossamer rune of Zot
 77973 | D:10     | Your ally Erica died
 78461 | Elf:3    | Found Cliablim's Weapon Boutique.
 79800 | D:24     | Killed Mennas
 80190 | D:24     | Found a shimmering altar of Xom.
 80503 | D:24     | HELLFIRE
 81279 | D:24     | Reached XP level 26. HP: 222/222 MP: 43/43
 81399 | D:25     | Entered Level 25 of the Dungeon
 81404 | D:25     | Reached skill level 15 in Dodging
 81412 | D:25     | Got an ichor-stained great mace
 81413 | D:25     | Identified the +5,+1 great mace of Blicw (You found it on level 25 of the Dungeon)
 81573 | D:25     | Noticed Xtahua
 81576 | D:25     | Killed Xtahua
 82669 | D:26     | Noticed Frederick
 82671 | D:26     | Killed Frederick
 82716 | D:26     | Cast into the Abyss (a Zot trap)
 83332 | Abyss    | Reached skill level 1 in Staves
 83471 | D:26     | Escaped the Abyss.
 83806 | D:26     | Reached skill level 5 in Staves
 84556 | D:27     | Entered Level 27 of the Dungeon
 84873 | D:27     | Reached XP level 27. HP: 230/235 MP: 43/43
 84883 | D:27     | Reached skill level 10 in Staves
 85855 | Zot:1    | Entered Level 1 of the Realm of Zot
 86457 | Zot:5    | Entered Level 5 of the Realm of Zot
 86597 | Zot:5    | Noticed an ancient lich
 86601 | Zot:5    | Killed an ancient lich
 86604 | Zot:5    | Noticed an orb of fire
 86606 | Zot:5    | Noticed an orb of fire
 86610 | Zot:5    | Killed an orb of fire
 86610 | Zot:5    | Reached skill level 10 in Traps & Doors
 86611 | Zot:5    | Killed an orb of fire
 86746 | Zot:5    | Noticed an orb of fire
 86748 | Zot:5    | Killed an orb of fire
 86839 | Zot:5    | Noticed an orb of fire
 86842 | Zot:5    | Killed an orb of fire
 86843 | Zot:5    | Noticed an orb of fire
 86845 | Zot:5    | Killed an orb of fire
 87043 | Zot:5    | Noticed an orb of fire
 87044 | Zot:5    | Noticed an orb of fire
 87045 | Zot:5    | Killed an orb of fire
 87045 | Zot:5    | Killed an orb of fire
 87051 | Zot:5    | Noticed a Killer Klown
 87054 | Zot:5    | Killed a Killer Klown
 87154 | Zot:5    | Noticed an orb of fire
 87155 | Zot:5    | Gained mutation: Your body is slowly deteriorating. [an orb of fire]
 87157 | Zot:5    | Killed an orb of fire
 87240 | Zot:5    | Noticed an orb of fire
 87254 | Zot:5    | Gained mutation: You digest meat inefficiently. [an orb of fire]
 87257 | Zot:5    | Killed an orb of fire
 87482 | Zot:5    | ORB
 87483 | Zot:5    | Got the Orb of Zot
 87531 | Zot:5    | Noticed an ancient lich
 87533 | Zot:5    | Killed an ancient lich
 87725 | D:27     | Noticed Phousaq the pandemonium lord
 87797 | D:27     | Slain by Phousaq the pandemonium lord
